 Dungeon Crawl Stone Soup version 0.30-a0-1043-g60ff8d5f49 (webtiles) character file.

Game seed: 89131708785483924

168 promet the Poker (level 5, -4/38 HPs)
             Began as a Human Wanderer on Apr 10, 2023.
             Slain by an iguana (11 damage)
             ... on level 4 of the Dungeon.
             The game lasted 00:14:30 (3159 turns).

promet the Poker (Human Wanderer)                   Turns: 3159, Time: 00:14:31

Health: -4/38      AC:  4    Str: 11    XL:     5   Next: 78%
Magic:  5/5        EV: 12    Int: 10    God:
Gold:   264        SH:  0    Dex: 18    Spells: 4/4 levels left

rFire   . . .      SeeInvis .    n - +1 spear
rCold   . . .      Faith    .    (no shield)
rNeg    . . .      Spirit   .    e - +0 robe
rPois   .          Reflect  .    c - +1 helmet
rElec   .          Rampage  .    b - scarf {repulsion}
rCorr   .                        (no gloves)
Will    .....                    (no boots)
Stlth   ++                       (no amulet)
HPRegen 0.26/turn                (no ring)
MPRegen 0.09/turn                (no ring)

@: repel missiles
A: no striking features
a: no special abilities


You were on level 4 of the Dungeon.
You visited 1 branch of the dungeon, and saw 4 of its levels.

You collected 264 gold pieces.

Inventory:

Hand Weapons
 a - a +1 heavy flail
 n - a +1 spear (weapon)
 q - a +0 trident of flaming
Missiles
 h - 16 stones
 m - 2 poisoned darts
 p - a boomerang
Armour
 b - a scarf of repulsion (worn)
 c - a +1 helmet (worn)
 e - a +0 robe (worn)
 o - a +0 cloak
Jewellery
 f - a ring of magical power
Scrolls
 d - 2 scrolls of butterflies
 j - 4 scrolls of teleportation
 k - a scroll of enchant weapon
 l - 2 scrolls of identify
Potions
 i - a potion of berserk rage {unknown}
 r - a potion of magic


   Skills:
 + Level 1.9 Fighting
 + Level 5.6 Polearms
 + Level 1.0 Throwing
 + Level 2.1 Dodging
 + Level 1.9 Stealth
 + Level 2.3 Evocations


You had 4 spell levels left.
You didn't know any spells.
Your spell library contained the following spells:

 Spells                   Type           Power      Damage    Failure   Level
 Ensorcelled Hibernation  Hex/Ice        0%         N/A       50%         2
 Spider Form              Tmut/Pois      0%         N/A       75%         3
 Anguish                  Hex/Necr       0%         N/A       98%         4


Dungeon Overview and Level Annotations

Branches:
Dungeon (4/15)
 Temple: D:4-7

Altars:

Annotations:
D:4 2 runed translucent doors


Message History

You barely miss the iguana.
The iguana is heavily wounded.
The iguana bites you but does no damage.
You closely miss the iguana.
The iguana is heavily wounded.
The iguana misses you.
You barely miss the iguana.
The iguana is heavily wounded.
The iguana closely misses you.
You hit the iguana. Your punch misses the iguana.
The iguana is heavily wounded.
The iguana bites you.
You hit the iguana but do no damage.
The iguana is heavily wounded.
You hit the iguana but do no damage.
The iguana is heavily wounded.
The iguana bites you.
You hit the iguana.
The iguana is severely wounded.
The iguana bites you!
* * * LOW HITPOINT WARNING * * *
You hit the iguana but do no damage.
The iguana is severely wounded.
The endoplasm quivers.
The iguana closely misses you.
You hit the iguana but do no damage.
The iguana is severely wounded.
The iguana bites you!
* * * LOW HITPOINT WARNING * * *
You feel much better. The iguana bites you!
You closely miss the iguana.
The iguana is severely wounded.
The iguana bites you!
* * * LOW HITPOINT WARNING * * *
You hit the iguana.
The iguana is almost dead.
You barely miss the iguana.
The iguana is almost dead.
The iguana bites you!
You die...

#+# #......... #.#
##+##.#### #.#
#.#..# # #.#
#...## ## ##.#
#####.## ##.
+..###.....#####..
##.....###........
#...#### #....##++
#@### ###.##8.K
#l# #.#8... ..?
..#5B.. .(..J
...#(... .......
....#8...
.........
##.#.##8..
#.........#
#.........#


You could see an iguana and an endoplasm.

Vanquished Creatures
  Jessica (D:3)
  Terence (D:3)
  An orc wizard (D:3)
  3 gnolls
  A worm (D:3)
  A dart slug (D:2)
  6 orcs (D:3)
  6 ball pythons
  3 endoplasms
  2 giant cockroaches
  7 goblins
  5 hobgoblins
  3 jackals (D:3)
  2 frilled lizards
  6 kobolds
  4 rats
52 creatures vanquished.

Notes
Turn   | Place    | Note
-------+----------+-------------------------------------------
     0 | D:1      | promet the Human Wanderer began the quest for the Orb.
     0 | D:1      | promet set off with the following items: a +0 spear, a wand
                  | of light (3), a +0 helmet, a scroll of butterflies, a +0
                  | robe.
     0 | D:1      | Reached XP level 1. HP: 15/15 MP: 1/1
   119 | D:1      | Reached XP level 2. HP: 21/21 MP: 2/2
   902 | D:1      | Reached XP level 3. HP: 26/26 MP: 3/3
  1791 | D:3      | Noticed Jessica
  1819 | D:3      | Killed Jessica
  1820 | D:3      | Reached skill level 5 in Polearms
  1820 | D:3      | Reached XP level 4. HP: 27/32 MP: 4/4
  1947 | D:3      | Noticed Terence
  1950 | D:3      | Killed Terence
  2062 | D:3      | Found a faded altar of an unknown god.
  2122 | D:3      | Reached XP level 5. HP: 19/37 MP: 5/5
  3115 | D:4      | Found a large runed translucent door.
  3115 | D:4      | Found a large runed translucent door.
  3118 | D:4      | Noticed a kobold brigand
  3155 | D:4      | HP: 1/38 [iguana (8)]
  3159 | D:4      | Slain by an iguana

Illustrated notes

Levels and vault maps discovered:
D:1:      minmay_arrival_hallway, layout_basic, minmay_ruptured
D:2:      layout_basic
D:3:      layout_basic, ebering_ecumenical_altar_hall, uniq_jessica,
          uniq_terence
D:4:      layout_basic, minmay_hollow_rounded_squares, uniq_grinder,
          uniq_eustachio

Skill      XL: |  1  2  3  4  5 |
---------------+----------------+-----
Polearms       | 5 |  5.6
Dodging        | 2 |  2.1
Fighting       | |  1.9
Throwing       | |  1.0
Stealth        | |  1.9
Evocations     | |  2.3

Action                     |  1- 3 |  4- 6 || total
---------------------------+-------+-------++-------
  Melee: Spear             |    97 |   109 ||   206
         Punch             |       |     1 ||     1
  Evoke: Wand              |     1 |     2 ||     3
    Use: Potion            |     4 |     2 ||     6
         Scroll            |     4 |     3 ||     7
   Stab: Sleeping          |     2 |     3 ||     5
 Armour: Robe              |    14 |    13 ||    27
  Dodge: Dodged            |    29 |    44 ||    73

Table legend: (Time is in decaauts)
 A = Elapsed time spent in this place.
 B = Non-inter-level travel time spent in this place.
 C = Inter-level travel time spent in this place.
 D = Time resting spent in this place.
 E = Time spent auto-exploring this place.
 F = Levels seen in this place.
 G = Mean time per level.
                   A        B        C        D        E       F      G
               +--------+--------+--------+--------+--------+-----+--------+
         Total |   3129 |   3048 |     81 |    599 |   1209 |   4 |  782.2 |
       Dungeon |   3129 |   3048 |     81 |    599 |   1209 |   4 |  782.2 |
               +--------+--------+--------+--------+--------+-----+--------+

Top non-repeatable levels by time:
     D:3: 1205 daAuts
     D:1: 1110 daAuts
     D:2: 743 daAuts
     D:4: 69 daAuts
